 Dungeon Crawl Stone Soup version 0.27-a0-277-g024f7ef292 (webtiles) character file.

Game seed: 2918994957606699286

9650 skwiii the Cleaver (level 11, -31/100 HPs)
             Began as a Minotaur Berserker on Feb 6, 2021.
             Was an Elder of Trog.
             Annihilated by a boulder beetle (57 damage)
             ... on level 2 of the Lair of Beasts.
             The game lasted 00:46:02 (13669 turns).

skwiii the Cleaver (Minotaur Berserker)            Turns: 13669, Time: 00:46:02

Health: -31/100    AC:  8    Str: 24    XL:     11   Next: 25%
Magic:  10/10      EV: 16    Int:  4    God:    Trog [****..]
Gold:   384        SH:  0    Dex: 11    Spells: 10/10 levels left

rFire    . . .     SeeInvis .   M - +2 hand axe (flame)
rCold    . . .     Faith    .   (no shield)
rNeg     . . .     Spirit   .   u - +0 steam dragon scales
rPois    .         Reflect  .   (helmet restricted)
rElec    .         Harm     .   (no cloak)
rCorr    .         Rampage  .   R - +0 pair of gloves
Will     .....                  (no boots)
Stlth    +.........             (no amulet)
HPRegen  0.26/turn              o - +4 ring of slaying
MPRegen  0.12/turn              (no ring)

@: berserk cooldown, slowed, very slow
A: retaliatory headbutt, horns 2
a: Renounce Religion, Berserk, Trog's Hand, Brothers in Arms


You were on level 2 of the Lair of Beasts.
You worshipped Trog.
Trog was greatly pleased with you.
You visited 2 branches of the dungeon, and saw 12 of its levels.

You collected 474 gold pieces.
You spent 90 gold pieces at shops.

Inventory:

Hand Weapons
 a - a +0 hand axe
 p - a +0 hand axe
 q - a +0 dagger
 r - a +2 war axe
 M - a +2 hand axe of flaming (weapon)
Missiles
 e - 416 stones
Armour
 b - a +0 animal skin
 f - a +0 pair of gloves
 g - a +0 leather armour
 s - a +0 robe
 t - a +1 ring mail
 u - +0 steam dragon scales (worn)
 I - a +0 scale mail
 L - a +0 helmet
 R - a +0 pair of gloves (worn)
Jewellery
 o - a +4 ring of slaying (left hand)
 v - a +4 ring of slaying
 x - an uncursed ring of magical power {unknown}
 B - an uncursed ring of wizardry {unknown}
 F - a cursed amulet of inaccuracy
 H - a +6 ring of dexterity {unknown}
 K - a cursed amulet of inaccuracy
Wands
 d - a wand of polymorph (11)
 D - a wand of flame (9)
 O - a wand of iceblast (11)
Scrolls
 c - 4 scrolls of immolation
 h - 7 scrolls of remove curse
 k - 2 scrolls of random uselessness {unknown}
 m - 3 scrolls of enchant armour
 w - 7 scrolls of identify
 y - 6 scrolls of teleportation
 z - 2 scrolls of fog
 J - 2 scrolls of silence
 N - a scroll of enchant weapon
 P - a scroll of vulnerability {unknown}
 S - a scroll of magic mapping {unknown}
 T - a scroll of fear {unknown}
Potions
 i - a potion of lignification {unknown}
 j - a potion of curing
 l - 2 potions of brilliance {unknown}
 n - a potion of resistance {unknown}
 A - 3 potions of haste {unknown}
 C - 3 potions of mutation {unknown}
 E - a potion of invisibility {unknown}
 G - a potion of cancellation {unknown}
 Q - 2 potions of degeneration {unknown}


   Skills:
 + Level 10.2 Fighting
 * Level 13.4 Axes
 + Level 9.8 Armour
 + Level 9.0 Dodging


You had 10 spell levels left.
You didn't know any spells.
Your spell library was empty.

Dungeon Overview and Level Annotations

Branches:
Dungeon (10/15)            Temple (0/1) D:6            Lair (2/6) D:10
    Orc (0/2) D:9
  Swamp: Lair:2-4    Shoals: Lair:2-4     Snake: Lair:2-4    Spider: Lair:2-4

Altars:
Ashenzari
Cheibriados
Elyvilon
Nemelex Xobeh
Okawaru
Ru
Trog
Uskayaw
Vehumet
Xom
Zin

Annotations:
D:6 2 transporters, Snicker's ghost, weakling DsDe


Innate Abilities, Weirdness & Mutations

You reflexively headbutt those who attack you in melee.
You have a pair of horns on your head.


Message History

You slash the komodo dragon! You burn the komodo dragon.
You kill the komodo dragon!
Trog accepts your kill.
You see here a komodo dragon corpse.
You feel a strong urge to attack something.
The boulder beetle leaps!
You see here 24 gold pieces.
You feel your anger nearly subside.
You are no longer berserk.
You are exhausted.
You feel yourself slow down.
The boulder beetle curls into a ball and begins rolling!
You see here a komodo dragon corpse.
The boulder beetle closely misses you. You furiously retaliate!
You headbutt the boulder beetle, but do no damage.
The boulder beetle stops rolling and uncurls.
The boulder beetle leaps!
The boulder beetle curls into a ball and begins rolling!
The boulder beetle hits you!!!
Ouch! That really hurt!
You die...

#####.. P. ## ##...#..
.#.###. #.......
.......## #.###...
......P.. ...#....
........# ....#...
....#...# ...#....
........# ......<..
##...#.@# ##.#.#.....
#...#.#B#####..## ##....
##..##..○..#....# #..#.
##....##..○#.....# ##...
#.........†°$..P## ##...
.#........°...# ###....
#.#........°....#...P..
....?##.....#............
.##..#
#.....##P....P.....


You could see a boulder beetle.

Vanquished Creatures
  A centaur warrior (D:10)
  4 komodo dragons
  3 cane toads
  Maggie (D:7)
  A troll (D:9)
  A wraith (D:10)
  A yak (D:10)
  2 wyverns (D:10)
  A basilisk (Lair:2)
  A steam dragon (D:7)
  Duvessa (D:7)
  A water moccasin (D:8)
  7 orc warriors
  2 black bears (D:10)
  A sky beast (D:5)
  3 ogres
  A necrophage (D:8)
  7 centaurs
  8 wolves (Lair:1)
  11 bullfrogs
  Dowan (D:7)
  3 scorpions
  2 water moccasin skeletons
  6 killer bees (D:8)
  5 wights (D:6)
  A howler monkey (D:10)
  A bullfrog zombie (D:10)
  8 hounds
  3 jellies
  8 orc priests
  2 centaur skeletons
  2 bullfrog skeletons
  7 orc wizards
  8 worker ants
  A worker ant zombie (D:7)
  A howler monkey zombie (D:3)
  9 adders
  4 gnolls (D:5)
  A howler monkey skeleton (D:6)
  A shadow imp (D:9)
  2 white imps
  An ufetubus (D:9)
  An ooze (D:1)
  An adder skeleton (D:4)
  2 worms
  2 dart slugs
  3 leopard geckos
  30 orcs
  5 giant cockroaches
  8 goblins
  5 hobgoblins
  6 kobolds
  5 quokkas
  4 bats
  3 frilled lizards
  A jackal skeleton (D:5)
  A jackal zombie (D:9)
  A leopard gecko skeleton (D:5)
  9 rats
222 creatures vanquished.

Vanquished Creatures (others)
  An orc (D:7)
  12 fungi
  9 plants
22 creatures vanquished.

Grand Total: 244 creatures vanquished

Notes
Turn   | Place    | Note
-------+----------+-------------------------------------------
     0 | D:1      | skwiii the Minotaur Berserker began the quest for the Orb.
     0 | D:1      | Reached XP level 1. HP: 19/19 MP: 0/0
   391 | D:1      | Reached XP level 2. HP: 23/27 MP: 1/1
   450 | D:1      | Reached skill level 4 in Axes
  1268 | D:2      | Reached XP level 3. HP: 31/33 MP: 2/2
  1611 | D:2      | Found a sacrificial altar of Ru.
  1636 | D:2      | Reached ** piety under Trog
  2233 | D:2      | Found an iron altar of Okawaru.
  2544 | D:3      | Reached XP level 4. HP: 35/40 MP: 3/3
  2560 | D:3      | Reached skill level 5 in Axes
  2628 | D:3      | Found a hide-covered altar of Uskayaw.
  2851 | D:3      | Reached XP level 5. HP: 47/47 MP: 4/4
  3189 | D:4      | Noticed an ogre
  3194 | D:4      | Killed an ogre
  3195 | D:4      | Reached skill level 6 in Axes
  3195 | D:4      | Reached XP level 6. HP: 55/55 MP: 5/5
  3214 | D:4      | Found a sparkling altar of Nemelex Xobeh.
  3221 | D:4      | Reached skill level 5 in Fighting
  3493 | D:4      | Found a snail-covered altar of Cheibriados.
  3537 | D:4      | Reached XP level 7. HP: 58/61 MP: 6/6
  3568 | D:4      | Found a white marble altar of Elyvilon.
  3840 | D:4      | Found a shimmering altar of Xom.
  3845 | D:4      | Reached skill level 7 in Axes
  3945 | D:4      | Found a radiant altar of Vehumet.
  3970 | D:4      | Found a broken altar of Ashenzari.
  3992 | D:4      | Reached skill level 5 in Armour
  4017 | D:4      | Reached *** piety under Trog
  4118 | D:5      | Entered Level 5 of the Dungeon
  4549 | D:5      | Reached skill level 5 in Dodging
  4549 | D:5      | Reached XP level 8. HP: 65/70 MP: 7/7
  4630 | D:5      | Reached skill level 8 in Axes
  4994 | D:6      | Found a transporter.
  5093 | D:6      | Found a transporter.
  5094 | D:6      | Noticed Snicker's ghost (weakling DsDe)
  5295 | D:6      | Reached skill level 9 in Axes
  5542 | D:6      | Found a staircase to the Ecumenical Temple.
  6126 | D:6      | Reached XP level 9. HP: 74/79 MP: 8/8
  6438 | D:7      | Reached **** piety under Trog
  6440 | D:7      | Reached skill level 10 in Axes
  6756 | D:7      | Noticed Duvessa
  6756 | D:7      | Noticed Dowan
  6767 | D:7      | Killed Duvessa
  6769 | D:7      | Killed Dowan
  7440 | D:7      | Noticed Maggie
  7456 | D:7      | Killed Maggie
  8141 | D:7      | Noticed a moth of wrath
  8144 | D:7      | Found a bloodstained altar of Trog.
  8283 | D:8      | Reached skill level 11 in Axes
  8717 | D:8      | Reached XP level 10. HP: 80/90 MP: 9/9
  8863 | D:8      | Found Zin's Purification Station.
  8866 | D:8      | Found a glowing silver altar of Zin.
  8872 | D:8      | Bought a potion of curing for 90 gold pieces
  9750 | D:9      | Found a staircase to the Orcish Mines.
 10133 | D:10     | Entered Level 10 of the Dungeon
 10167 | D:10     | Found a staircase to the Lair.
 10503 | D:10     | Reached skill level 12 in Axes
 10874 | D:10     | Noticed a centaur warrior
 10893 | D:10     | Killed a centaur warrior
 10930 | Lair:1   | Entered Level 1 of the Lair of Beasts
 10931 | Lair:1   | HP: 4/91 [acid (3)]
 12129 | Lair:1   | Reached skill level 13 in Axes
 12129 | Lair:1   | Reached XP level 11. HP: 68/99 MP: 10/10
 12595 | Lair:1   | Reached skill level 10 in Fighting
 13620 | Lair:2   | Noticed a boulder beetle
 13669 | Lair:2   | Annihilated by a boulder beetle

Illustrated notes

Levels and vault maps discovered:
D:1:      lemuel_arrival_funnel, layout_rooms, st_stairs_1
D:2:      layout_basic, nicolae_ru_sacrificial_ziggurat, nrook_mini_vaults,
          okawaru_ov_weapons_minmay
D:3:      layout_basic, eat_drink_and_be_merry_uskayaw
D:4:      layout_loops_ring, kennysheep_mini, nicolae_overflow_crystal_walls,
          nicolae_overflow_quartered_altars
D:5:      layout_cave_pools, dk_vineyard_3
D:6:      layout_basic, temple_pool_b, gammafunk_ghost_mausoleum
D:7:      layout_cave_pods, tgw_trog, uniq_maggie, uniq_duvessa
D:8:      layout_rooms, zin_purify
D:9:      layout_roguey, orc_0_dummy
D:10:     minmay_the_grid_3x3 [minmay_the_grid_box_x,
          minmay_the_grid_small_cups, minmay_the_grid_minigrid_large,
          minmay_the_grid_embedded, minmay_the_grid_slots, minmay_the_grid_tree,
          minmay_the_grid_spikes, minmay_the_grid_paths,
          minmay_the_grid_prize_big_room], layout_basic, david_lair_generic,
          minmay_unpleasant_kobolds
Lair:1:   layout_layer_cave, beast_lair_carwin_11
Lair:2:   layout_loops_ring, minmay_lair_oklob_chamber

Skill      XL: |  1  2  3  4  5  6  7  8  9 10 11 |
---------------+----------------------------------+-----
Axes           | 4 5 6 7 9 11 13 | 13.4
Fighting       | 4 5 6 7 8 9 10 | 10.2
Armour         | 3 4 5 6 8 9 |  9.8
Dodging        | 3 4 5 6 7 8 9 |  9.0

Action                   |  1- 3 |  4- 6 |  7- 9 | 10-12 || total
-------------------------+-------+-------+-------+-------++-------
Melee: Hand axe          |    59 |       |    17 |   163 ||   239
       Headbutt          |     4 |     8 |    34 |    56 ||   102
       War axe           |    13 |    62 |   168 |       ||   243
Invok: Berserk           |       |       |       |     1 ||     1
  Use: Scroll            |     3 |     3 |     6 |     1 ||    13
       Potion            |     1 |       |     3 |     5 ||     9
Armor: Animal skin       |     3 |       |       |       ||     3
       Ring mail         |     8 |    18 |    30 |       ||    56
       Steam dragon scal |       |       |     9 |    32 ||    41
Dodge: Dodged            |    41 |    49 |   119 |   131 ||   340

Table legend: (Time is in decaauts)
 A = Elapsed time spent in this place.
 B = Non-inter-level travel time spent in this place.
 C = Inter-level travel time spent in this place.
 D = Time resting spent in this place.
 E = Time spent auto-exploring this place.
 F = Levels seen in this place.
 G = Mean time per level.
                   A        B        C        D        E       F      G
               +--------+--------+--------+--------+--------+-----+--------+
         Total |  13650 |  13540 |    110 |   1789 |   8907 |  12 | 1137.5 |
       Dungeon |  10937 |  10866 |     71 |   1159 |   7166 |  10 | 1093.7 |
          Lair |   2713 |   2674 |     39 |    630 |   1741 |   2 | 1356.5 |
               +--------+--------+--------+--------+--------+-----+--------+

Top non-repeatable levels by time:
  Lair:1: 2334 daAuts
     D:7: 1879 daAuts
     D:6: 1400 daAuts
     D:2: 1324 daAuts
     D:1: 1222 daAuts
     D:9: 1003 daAuts
     D:4: 958 daAuts
     D:5: 878 daAuts
     D:8: 844 daAuts
    D:10: 786 daAuts
     D:3: 639 daAuts
  Lair:2: 378 daAuts
